 Dungeon Crawl Stone Soup version 0.31-a0-1300-gb6740aa4e6 (webtiles) character file.

Game seed: 12896934171215478632

161 night the Ruffian (level 5, -2/35 HPs)
             Began as an Octopode Shapeshifter on Dec 18, 2023.
             Was a Believer of Fedhas.
             Slain by an orc priest
             ... wielding a +0 dagger
              (5 damage)
             ... on level 3 of the Dungeon.
             The game lasted 00:04:52 (1917 turns).

night the Ruffian (Octopode Shapeshifter)           Turns: 1917, Time: 00:04:53

Health: -2/35      AC:  1    Str: 14    XL:     5   Next: 42%
Magic:  5/5        EV: 13    Int: 12    God:    Fedhas [**....]
Gold:   134        SH:  0    Dex: 13    Spells: 4/4 levels left

rFire   . .          .
                       - Unarmed
rCold   . . .        (no shield)
rNeg    . . .        (helmet currently unavailable)
rPois   .            d - amulet of the acrobat
rElec   .            (no ring)
rCorr   .            (no ring)
SInv    .            (no ring)
Will    .....        (no ring)
Stlth   ++           (no ring)
HPRegen 0.25/turn    (no ring)
MPRegen 0.09/turn    (no ring)
                     (no ring)

%: acrobat
@: confused, beast-form
A: beast (slay +2), almost no armour, amphibious, 8 rings, camouflage 1,
gelatinous body 1, (nimble swimmer 1), tentacles, fangs 1, screaming 1,
MP-powered wands
a: Begin Untransformation, Renounce Religion, Wall of Briars


You were on level 3 of the Dungeon.
You worshipped Fedhas.
Fedhas was pleased with you.
You were a hulking beast.
You visited 1 branch of the dungeon, and saw 3 of its levels.

You collected 134 gold pieces.

Inventory:

Missiles
 e - 28 stones
 k - 4 boomerangs
 p - 5 poisoned darts
Jewellery
 d - an amulet of the acrobat (around mantle)
 f - an amulet of magic regeneration
 n - a ring of flight
Talismans
 b - a beast talisman
 c - a flux talisman
Scrolls
 g - 2 scrolls of amnesia {unknown}
 j - a scroll of noise {unknown}
 l - a scroll of enchant weapon {unknown}
 m - a scroll of butterflies {unknown}
 o - a scroll of brand weapon {unknown}
Potions
 a - 2 potions of lignification
 q - a potion of curing {unknown}


   Skills:
 + Level 2.4 Fighting
 - Level 2.4 Dodging
 + Level 2.2 Stealth
 * Level 4.2 Unarmed Combat
 + Level 3.6 Shapeshifting


You had 4 spell levels left.
You didn't know any spells.
Your spell library contained the following spells:

 Spells                   Type           Power      Damage    Failure   Level
 Apportation              Tloc           0%         N/A       32%         1
 Call Canine Familiar     Summ           0%         N/A       69%         3
 Dazzling Flash           Conj/Hex       0%         N/A       69%         3
 Sigil of Binding         Hex            0%         N/A       69%         3
 Volatile Blastmotes      Fire/Tloc      0%         2d10      69%         3
 Dimensional Bullseye     Hex/Tloc       0%         N/A       97%         4
 Starburst                Conj/Fire      0%         6d3       100%        6
 Maxwell's Capacitive Co  Air            0%         ∞         100%        8


Dungeon Overview and Level Annotations

Branches:
Dungeon (3/15)

Altars:
Elyvilon
Fedhas
Nemelex Xobeh


Innate Abilities, Weirdness & Mutations

You are a hulking beast.
Your limbs bulge with bestial killing power. (Slay +2)
You cannot wear most types of armour.
You are amphibious.
You can wear up to eight rings at the same time.
Your skin changes colour to match your surroundings (Stealth+).
Your rubbery body absorbs attacks. (AC +1, EV +1)
((You are camouflaged when in or above water. (Stealth+)))
You have tentacles for arms and can constrict up to eight enemies at once.
You have very sharp teeth.
You occasionally shout uncontrollably at your foes.
You expend magic power (3 MP) to strengthen your wands.


Message History

Fedhas appreciates your contribution to the ecosystem.
The orc barely misses you.
Your Stealth skill increases to level 2!
You barely miss the orc. You grab the orc. You squeeze the orc.
You kill the orc!
Fedhas appreciates your contribution to the ecosystem.
You tentacle-slap the orc. You grab the orc.
The orc is severely wounded.
You constrict the orc. You bludgeon the orc!
You kill the orc!
Fedhas appreciates your contribution to the ecosystem.
An orc wizard comes into view. It is wielding a +0 dagger.
The orc wizard points at you and mumbles some strange words.
You are confused.
The orc priest calls down the wrath of Beogh upon you.
Beogh smites you!
* * * LOW HITPOINT WARNING * * *
Things that are here:
a +0 club; a +0 falchion; a +0 ring mail It was a potion of heal wounds.
You feel much better.
You barely miss the orc priest.
The orc wizard mumbles some strange words.
The orc wizard flickers and vanishes!
Deactivating autopickup; reactivate with Ctrl-A.
The orc priest hits you with a +0 dagger.
You tentacle-slap the orc priest but do no damage.
You squeeze the orc priest, but do no damage.
A magic dart appears from out of thin air!
The magic dart hits you!
* * * LOW HITPOINT WARNING * * *
The orc priest hits you with a +0 dagger.
* * * LOW HITPOINT WARNING * * *
You're too confused to move!
The orc priest misses you.
It was a potion of mutation.
You feel extremely strange.
You feel your magical essence link to the dungeon's wands.
You feel the urge to shout.
Your teeth lengthen and sharpen.
The orc priest hits you with a +0 dagger.
You die...
Fedhas appreciates your contribution to the ecosystem.

......######≈≈.≈≈############.#
.####.#≈≈≈≈≈≈≈.≈≈≈≈≈§§# #.#
.####.#≈...§≈8.8≈≈§§§§# #.#
....+.'.............§§# ...
#####.#≈...≈≈8.8≈§...≈# ### #
#.#≈≈≈≈≈≈≈.≈§≈≈≈≈≈
#####.######≈§.≈≈#######
.........# #≈...≈##.#..#
.######### #≈...≈#.oh).# .#
#§§§.≈##.#..# †# #§§§§≈##.##.#
.# #. #.# .# .. #.# '###### .#
#.# ......# .#... #. #.#
†.....# #...... ..# #.#
......###..#.⌠.⌠.#.# #.#


You could see an orc priest.

Vanquished Creatures
  2 orc priests (D:3)
  An orc wizard (D:3)
  A dart slug (D:2)
  8 orcs (D:3)
  9 bats
  4 endoplasms
  A giant cockroach (D:1)
  8 goblins
  7 hobgoblins
  5 kobolds
  2 quokkas
  9 ball pythons
  6 frilled lizards
  4 rats
67 creatures vanquished.

Notes
Turn   | Place    | Note
-------+----------+-------------------------------------------
     0 | D:1      | night the Octopode Shapeshifter began the quest for the
                  | Orb.
     0 | D:1      | Reached XP level 1. HP: 13/13 MP: 1/1
    59 | D:1      | Reached XP level 2. HP: 12/18 MP: 2/2
   317 | D:1      | Found a faded altar of an unknown god.
   326 | D:1      | Got Plato's Compilation of Position
   327 | D:1      | Prayed at the altar of an unknown god.
   327 | D:1      | Became a worshipper of Fedhas Madash
   327 | D:1      | Reached * piety under Fedhas
   468 | D:1      | Reached XP level 3. HP: 23/23 MP: 3/3
   905 | D:2      | Found a sparkling altar of Nemelex Xobeh.
  1313 | D:3      | Reached XP level 4. HP: 29/29 MP: 4/4
  1419 | D:3      | Identified the +4 whip "Attea" {freeze, Int+3}
  1469 | D:3      | Reached ** piety under Fedhas
  1470 | D:3      | Reached skill level 1 in Stealth
  1489 | D:3      | Reached skill level 2 in Fighting
  1573 | D:3      | Reached skill level 4 in Unarmed Combat
  1573 | D:3      | Reached XP level 5. HP: 29/34 MP: 5/5
  1864 | D:3      | Found a white marble altar of Elyvilon.
  1909 | D:3      | Reached skill level 2 in Stealth
  1912 | D:3      | HP: 3/35 [orc priest/divine providence (13)]
  1917 | D:3      | Gained mutation: You expend magic power (3 MP) to
                  | strengthen your wands. [potion of mutation]
  1917 | D:3      | Gained mutation: You occasionally shout uncontrollably at
                  | your foes. [potion of mutation]
  1917 | D:3      | Gained mutation: You have very sharp teeth. [potion of
                  | mutation]
  1917 | D:3      | Slain by an orc priest

Illustrated notes

Levels and vault maps discovered:
D:1:      pf_arrival_petrified_forest, layout_basic,
          shapermc_ecumenical_altar_rom_forum
D:2:      layout_basic, basic_altar
D:3:      layout_basic, elyvilon_altar_5, kennysheep_minor_cross, fountainhead,
          kennysheep_generic_room_9

Skill      XL: |  1  2  3  4  5 |
---------------+----------------+-----
Stealth        | 1 2 |  2.2
Fighting       | 2 |  2.4
Unarmed Combat | 4 |  4.2
Dodging        | |  2.4
Shapeshifting  | |  3.6

Action                     |  1- 3 |  4- 6 || total
---------------------------+-------+-------++-------
  Melee: Unarmed           |    75 |    44 ||   119
         Constrict         |    26 |    10 ||    36
         Tentacles         |    11 |     9 ||    20
         Punch             |     4 |       ||     4
  Throw: Stone             |     1 |       ||     1
    Use: Potion            |       |     2 ||     2
   Stab: Sleeping          |     5 |     2 ||     7
 Armour: Skin              |    21 |    11 ||    32
  Dodge: Dodged            |    67 |    27 ||    94

Table legend: (Time is in decaauts)
 A = Elapsed time spent in this place.
 B = Non-inter-level travel time spent in this place.
 C = Inter-level travel time spent in this place.
 D = Time resting spent in this place.
 E = Time spent auto-exploring this place.
 F = Levels seen in this place.
 G = Mean time per level.
                   A        B        C        D        E       F      G
               +--------+--------+--------+--------+--------+-----+--------+
         Total |   1908 |   1874 |     34 |    109 |   1351 |   3 |  636.0 |
       Dungeon |   1908 |   1874 |     34 |    109 |   1351 |   3 |  636.0 |
               +--------+--------+--------+--------+--------+-----+--------+

Top non-repeatable levels by time:
     D:3: 696 daAuts
     D:1: 671 daAuts
     D:2: 541 daAuts
